 Dungeon Crawl Stone Soup version 0.28-a0-1087-gf3fc490d9d (webtiles) character file.

Game seed: 7921424467818269268

1820 mainiacjoe the Jinx (level 8, -3/44 HPs)
             Began as a Spriggan Arcane Marksman on Dec 10, 2021.
             Engulfed by a cloud of flame (24 damage)
             ... on level 6 of the Dungeon.
             The game lasted 00:21:09 (7163 turns).

mainiacjoe the Jinx (Spriggan Arcane Marksman)      Turns: 7163, Time: 00:21:10

Health: -3/44      AC:  4    Str: 14    XL:     8   Next: 85%
Magic:  9/15       EV: 19    Int: 15    God:
Gold:   198        SH:  0    Dex: 15    Spells: 7/15 levels left

rFire   . . .      SeeInvis +   b - +0 hunting sling
rCold   . . .      Faith    .   (shield restricted)
rNeg    . . .      Spirit   .   d - +0 robe
rPois   .          Reflect  .   (helmet restricted)
rElec   .          Harm     .   j - +1 cloak
rCorr   .          Rampage  .   (gloves unavailable)
Will    +....                   (boots unavailable)
Stlth   +++.......              (no amulet)
HPRegen 0.14/turn               f - ring of wizardry
MPRegen 0.14/turn               t - +6 ring of strength {=R}

@: very quick
A: very small, no large weapons, unfitting armour, see invisible, speed 3
a: no special abilities


You were on level 6 of the Dungeon.
You visited 1 branch of the dungeon, and saw 6 of its levels.

You collected 198 gold pieces.

Inventory:

Hand Weapons
 a - a +0 long sword
 b - a +0 hunting sling (weapon)
 w - a +0 hand crossbow
Missiles
 c - 53 bolts
 e - 79 stones
 g - 30 arrows
 p - a throwing net {=F}
 v - 37 sling bullets (quivered ammo)
 C - 18 poisoned darts
Armour
 d - a +0 robe (worn)
 j - a +1 cloak (worn)
Jewellery
 f - a ring of wizardry (left hand)
 t - a +6 ring of strength (right hand) {=R}
 u - a ring of poison resistance
 y - a ring of flight
Scrolls
 h - a scroll of silence {unknown}
 k - a scroll of immolation {unknown}
 l - a scroll of teleportation
 m - 2 scrolls of fear {unknown}
 q - a scroll of fog {unknown}
 r - a scroll of enchant armour
 A - a scroll of noise {unknown}
 D - a scroll of vulnerability {unknown}
 E - a scroll of brand weapon {unknown}
Potions
 i - a potion of heal wounds
 n - 3 potions of curing
 o - a potion of might
 s - a potion of flight
 x - a potion of resistance {unknown}
 z - a potion of brilliance {unknown}
 B - a potion of berserk rage {unknown}


   Skills:
 * Level 5.6 Fighting
 - Level 4.0 Crossbows
 + Level 6.0 Dodging
 - Level 5.0 Stealth
 - Level 4.0 Spellcasting
 - Level 8.0 Hexes


You had 7 spell levels left.
You knew the following spells:

 Your Spells              Type           Power      Damage    Failure   Level
a - Slow                  Hex            100%       N/A       1%          1
b - Cause Fear            Hex            13%        N/A       2%          4
c - Inner Flame           Hex/Fire       15%        N/A       4%          3

Your spell library contained the following spells:

 Spells                   Type           Power      Damage    Failure   Level
 Portal Projectile        Hex/Tloc       30%        N/A       4%          3
 Summon Guardian Golem    Hex/Summ       15%        N/A       4%          3
 Beastly Appendage        Tmut           6%         N/A       8%          1
 Freeze                   Ice            12%        1d4       8%          1
 Summon Small Mammal      Summ           12%        N/A       8%          1
 Wereblood                Tmut           3%         N/A       11%         2
 Call Canine Familiar     Summ           3%         N/A       21%         3
 Frozen Ramparts          Ice            6%         1d2       21%         3
 Spider Form              Tmut/Pois      3%         N/A       21%         3
 Hailstorm                Conj/Ice       3%         3d3       54%         4
 Olgreb's Toxic Radiance  Pois           3%         N/A       54%         4
 Ozocubu's Refrigeration  Ice            1%         4d5       100%        7
 Discord                  Hex            13%        N/A       100%        8
 Ignition                 Fire           1%         3d3       100%        8


Dungeon Overview and Level Annotations

Branches:
Dungeon (6/15)
 Temple: D:4-7

Altars:
Nemelex Xobeh

Shops:
D:1 [   D:5 *

Annotations:
D:1 Natasha
D:3 exclusion: centaur
D:4 exclusion: skeleton, Dowan, Duvessa, Edmund


Innate Abilities, Weirdness & Mutations

You are very small and have problems with some larger weapons.
You are too small for most types of armour.
You have supernaturally acute eyesight. (SInv)
You cover ground extremely quickly. (Speed+++)


Message History

The gnoll shouts!
You hear a bellow!
The yak is engulfed in blazing flames.
Flame seeps out of the yak.
You shoot a sling bullet. The sling bullet barely misses the yak.
The yak is engulfed in blazing flames.
The yak explodes!
A yak comes into view.
You hear a bellow!
You shoot a sling bullet. The sling bullet barely misses the yak.
A yak comes into view.
Unknown command.
You shoot a sling bullet. The sling bullet hits the gnoll.
The gnoll is moderately wounded.
You shoot a sling bullet.
The sling bullet barely misses the gnoll.
You shoot a sling bullet.
The sling bullet closely misses the gnoll.
You shoot a sling bullet.
The sling bullet closely misses the gnoll.
You shoot a sling bullet. The sling bullet hits the gnoll!
You kill the gnoll!
Your Dodging skill increases to level 6!
You shoot a sling bullet. The sling bullet barely misses the yak.
Unknown command.
Casting: Inner Flame (dangerous; 4% risk of failure)
Confirm with . or Enter, or press ? or * to list all spells.
Aiming: Inner Flame (dangerous; 4% risk of failure)
Press: ? - help, Dir - move target, f/p - yak
Aim: a yak (chance to affect: 70%)
The yak is filled with an inner flame.
You shoot a sling bullet.
The sling bullet hits the yak but does no damage.
The yak is engulfed in blazing flames.
Flame seeps out of the yak.
The yak is engulfed in blazing flames.
Flame seeps out of the yak.
You shoot a sling bullet. The sling bullet hits the yak.
The yak explodes!
The fiery explosion engulfs you!!
Ouch! That really hurt!
You are engulfed in blazing flames.
Ouch! That really hurt!
You die...

...........###
..#....#......
#.)...$....###.#
#...........
#.#...(.).###
#......(.)# ###..((...#
#......(######## #..#
#.....(.)Y°○.@.# #..#
####.#########)# #..#
#.# #.# #..# #.# ##.##
#..# #. ######.).###
#..# ...........# #..#
######...#.######..####
##.#...##..>......
#................


You could see a yak.

Vanquished Creatures
  Pikel (D:5)
  3 yaks (D:6)
  3 water moccasins (D:5)
  3 lemures (D:5)
  An ogre (D:4)
  A centaur (D:6)
  2 scorpions (D:5)
  A bullfrog skeleton (D:3)
  2 gnoll shamans
  An orc priest (D:5)
  2 hounds
  Natasha (twice) (D:2 D:1)
  3 orc wizards
  A hound skeleton (D:5)
  12 gnolls
  An adder (D:5)
  A worm (D:3)
  2 dart slugs
  6 orcs
  4 endoplasms
  3 giant cockroaches
  9 goblins
  7 hobgoblins
  3 quokkas
  6 ball pythons
  6 bats
  8 frilled lizards
  7 kobolds
  6 rats
107 creatures vanquished.

Notes
Turn   | Place    | Note
-------+----------+-------------------------------------------
     0 | D:1      | mainiacjoe the Spriggan Arcane Marksman began the quest for
                  | the Orb.
     0 | D:1      | Reached XP level 1. HP: 9/9 MP: 3/3
   495 | D:1      | Reached skill level 1 in Stealth
   495 | D:1      | Reached XP level 2. HP: 14/14 MP: 5/5
   514 | D:1      | Found Immavaph's Armour Shop.
   858 | D:1      | Found a faded altar of an unknown god.
  1228 | D:1      | Reached XP level 3. HP: 17/17 MP: 7/7
  1454 | D:2      | Reached skill level 4 in Hexes
  1526 | D:2      | Noticed Natasha
  1544 | D:2      | Killed Natasha
  1545 | D:2      | Reached skill level 1 in Fighting
  1548 | D:2      | Noticed Natasha
  1879 | D:1      | Killed Natasha
  1880 | D:1      | Reached XP level 4. HP: 13/22 MP: 8/8
  2198 | D:2      | Learned a level 3 spell: Inner Flame
  2732 | D:3      | HP: 1/22 [orc wizard/puff of flame (11)]
  2784 | D:3      | Reached XP level 5. HP: 14/25 MP: 4/9
  2789 | D:3      | Learned a level 4 spell: Cause Fear
  3012 | D:3      | Noticed a centaur
  3757 | D:4      | Noticed an ogre
  3761 | D:4      | Killed an ogre
  3762 | D:4      | Reached XP level 6. HP: 30/30 MP: 6/11
  3823 | D:4      | Noticed Duvessa
  3823 | D:4      | Noticed Dowan
  4153 | D:4      | Noticed Edmund
  4430 | D:5      | Entered Level 5 of the Dungeon
  4457 | D:5      | Reached skill level 5 in Hexes
  4797 | D:5      | Reached XP level 7. HP: 35/35 MP: 9/13
  4919 | D:5      | Found a sparkling altar of Nemelex Xobeh.
  5148 | D:5      | Found Tupuut's Serpentskin Sales.
  5772 | D:5      | Reached skill level 5 in Dodging
  5772 | D:5      | Reached skill level 5 in Stealth
  6097 | D:5      | Noticed Pikel
  6387 | D:5      | Killed Pikel
  6388 | D:5      | Reached skill level 7 in Hexes
  6388 | D:5      | Reached XP level 8. HP: 42/42 MP: 6/15
  7150 | D:6      | Reached skill level 5 in Fighting
  7150 | D:6      | Reached skill level 8 in Hexes
  7163 | D:6      | Engulfed by a cloud of flame

Illustrated notes

Levels and vault maps discovered:
D:1:      nzn_arrival_settlement, layout_loops_ring, serial_shops,
          shop_fountains, dreamdust_ecumenical_altar_statues
D:2:      layout_basic, uniq_natasha
D:3:      layout_basic
D:4:      layout_gridville, nicolae_concentric_dashed_squares_wild, uniq_edmund,
          uniq_duvessa
D:5:      layout_basic, nicolae_overflow_crystal_walls, guppyfry_shop_venom,
          uniq_pikel
D:6:      layout_loops_ring, uniq_maggie, uniq_crazy_yiuf_cottage

Skill      XL: |  1  2  3  4  5  6  7  8 |
---------------+-------------------------+-----
Stealth        | 1 2 3 4 5 |  5.0
Dodging        | 3 4 5 6 |  6.0
Spellcasting   | 2 3 4 |  4.0
Hexes          | 4 5 7 8 |  8.0
Fighting       | 1 2 4 5 |  5.6
Crossbows      | 3 4 |  4.0

Action                   |  1- 3 |  4- 6 |  7- 9 || total
-------------------------+-------+-------+-------++-------
Melee: Short sword       |    48 |    12 |    15 ||    75
 Fire: Hand crossbow     |    21 |     9 |     9 ||    39
       Hunting sling     |    45 |   190 |   138 ||   373
Throw: Stone             |     2 |       |       ||     2
 Cast: Slow              |    12 |    22 |    15 ||    49
       Inner Flame       |       |     8 |    23 ||    31
       Cause Fear        |       |       |     3 ||     3
  Use: Scroll            |     3 |     4 |     1 ||     8
       Potion            |       |     1 |       ||     1
 Stab: Sleeping          |     2 |       |       ||     2
Armor: Robe              |    11 |    12 |     2 ||    25
Dodge: Dodged            |    55 |    42 |    41 ||   138

Table legend: (Time is in decaauts)
 A = Elapsed time spent in this place.
 B = Non-inter-level travel time spent in this place.
 C = Inter-level travel time spent in this place.
 D = Time resting spent in this place.
 E = Time spent auto-exploring this place.
 F = Levels seen in this place.
 G = Mean time per level.
                   A        B        C        D        E       F      G
               +--------+--------+--------+--------+--------+-----+--------+
         Total |   5672 |   5509 |    163 |   1458 |   2721 |   6 |  945.3 |
       Dungeon |   5672 |   5509 |    163 |   1458 |   2721 |   6 |  945.3 |
               +--------+--------+--------+--------+--------+-----+--------+

Top non-repeatable levels by time:
     D:5: 1904 daAuts
     D:1: 1543 daAuts
     D:3: 831 daAuts
     D:4: 746 daAuts
     D:2: 395 daAuts
     D:6: 251 daAuts
